 Dungeon Crawl Stone Soup version 0.29.1-1-gd02db6906a (webtiles) character file.

Game seed: 16831084196993825219

284119 Powertoast the Peltast (level 21, -5/168 HPs)
             Began as a Djinni Conjurer on Sept 13, 2022.
             Was a High Priest of Ashenzari.
             Killed from afar by an ironbound frostheart (18 damage)
             ... by creeping frost
             ... on level 13 of the Dungeon on Sept 18, 2022.
             The game lasted 05:18:21 (34769 turns).

Powertoast the Peltast (Djinni Conjurer)           Turns: 34769, Time: 05:18:21

Health: -5/168     AC: 22    Str: 13    XL:     21   Next: 45%
Gold:   3121       EV: 17    Int: 25    God:    Ashenzari [*****.] SH: 30 Dex: 14

rFire   + + +      SeeInvis +   z - +2 war axe of Toth-Mos's Legacy {elec, Melee, Self} (curse)
rCold   + + .      Faith    .   c - +8 tower shield of Ashenzari's Portent {Self, Melee} (curse)
rNeg    . . .      Spirit   .   X - +2 scale mail of Ouranomancy {rC+, Self, Fort} (curse)
rPois   ∞          Reflect  .   G - +2 helmet "Share My Fortune-Teller" {Self, Fort} (curse)
rElec   .          Harm     .   U - scarf "Sibylline Dismay" {rC+ rF+, Evo, Fort} (curse)
rCorr   .          Rampage  .   K - +2 pair of gloves of the Chained Sun {Str+3, Melee, Self} (curse)
Will    ++...      Clarity  +   (boots unavailable)
Stlth   ..........              f - amulet of the Cryptic Fetters {Regen+, Fort, Self} (curse)
HPRegen 1.18/turn               h - +4 ring of evasion
MPRegen 0.00/turn               Y - ring of protection from cold

@: about to teleport, flying
A: sickness immunity, fire resistance 2, cold vulnerability 1, float, innate
caster, HP casting, extra vitality 1
}: 2/15 runes: barnacled, gossamer
a: Renounce Religion, Curse Item, Shatter the Chains


You were on level 13 of the Dungeon.
You worshipped Ashenzari.
Ashenzari was extremely pleased with you.
You visited 6 branches of the dungeon, and saw 31 of its levels.
You also visited: Gauntlet.

You collected 5531 gold pieces.
You spent 2410 gold pieces at shops.

Inventory:

Hand Weapons
 k - a +1 vampiric war axe
 z - the cursed +2 war axe of Toth-Mos's Legacy (weapon) {elec, Melee, Self}
   (You found it on level 8 of the Dungeon)

   It occasionally discharges a powerful burst of electricity upon striking a
   foe.
   It has a curse which improves the following skills: Melee Combat: Short
   Blades, Long Blades, Axes, Maces & Flails, Polearms, Staves and Unarmed
   Combat.
   Introspection: Fighting and Spellcasting.
Missiles
 s - 4 throwing nets
 A - 18 silver javelins
Armour
 c - the cursed +8 tower shield of Ashenzari's Portent (worn) {Self, Melee}
   (You found it on level 1 of the Dungeon)

   It has a curse which improves the following skills: Introspection: Fighting
   and Spellcasting.
   Melee Combat: Short Blades, Long Blades, Axes, Maces & Flails, Polearms,
   Staves and Unarmed Combat.
 j - a +0 troll leather armour
 p - the +1 scale mail "Apleinum" {*Slow +Blink rPois rC++}
   (You found it on level 4 of the Lair of Beasts)

   rC:        It greatly protects you from cold.
   rPois:     It protects you from poison.
   +Blink:    It lets you blink.
   *Slow:     It may slow you when you take damage.
 w - a +0 crystal plate armour
 G - the cursed +2 helmet "Share My Fortune-Teller" (worn) {Self, Fort}
   (You found it on level 10 of the Dungeon)

   It has a curse which improves the following skills: Introspection: Fighting
   and Spellcasting.
   Fortitude: Armour and Shields.
 K - the cursed +2 pair of gloves of the Chained Sun (worn) {Str+3, Melee, Self}
   (You found it in a Gauntlet)

   It has a curse which improves the following skills: Melee Combat: Short
   Blades, Long Blades, Axes, Maces & Flails, Polearms, Staves and Unarmed
   Combat.
   Introspection: Fighting and Spellcasting.
 N - a +2 robe of the Archmagi
 U - the cursed scarf "Sibylline Dismay" (worn) {rC+ rF+, Evo, Fort}
   (You found it on level 4 of the Spider Nest)

   It has a curse which improves the following skills: Evocations: Evocations.
   Fortitude: Armour and Shields.
 X - the cursed +2 scale mail of Ouranomancy (worn) {rC+, Self, Fort}
   (You bought it in a shop on level 2 of the Shoals)

   It has a curse which improves the following skills: Introspection: Fighting
   and Spellcasting.
   Fortitude: Armour and Shields.
Jewellery
 f - the cursed amulet of the Cryptic Fetters (around neck) {Regen+, Fort, Self}
   (You found it on level 5 of the Dungeon)

   [amulet of regeneration]

   Regen:     It increases your rate of health regeneration.
   It has a curse which improves the following skills: Fortitude: Armour and
   Shields.
   Introspection: Fighting and Spellcasting.
 h - a +4 ring of evasion (left hand)
 M - a ring of positive energy
 O - a ring of protection from fire
 R - a +6 ring of intelligence
 S - a ring of positive energy
 Y - a ring of protection from cold (right hand)
 Z - a +4 ring of evasion
Wands
 m - a wand of flame (23)
 q - a wand of roots (48)
 B - a wand of charming (25)
 D - a wand of polymorph (6)
 Q - a wand of quicksilver (11)
 T - a wand of digging (9)
 W - a wand of mindburst (20)
Scrolls
 i - a scroll of silence
 l - 6 scrolls of magic mapping
 v - 2 scrolls of poison
 x - 4 scrolls of fear
 y - 6 scrolls of fog
 C - 2 scrolls of brand weapon
 E - 2 scrolls of summoning
 F - 14 scrolls of teleportation
 P - 4 scrolls of blinking
 V - a scroll of enchant weapon
Potions
 a - 3 potions of haste
 b - 5 potions of lignification
 d - a potion of invisibility
 e - 3 potions of cancellation
 g - 4 potions of brilliance
 n - 13 potions of curing
 o - 10 potions of might
 r - a potion of resistance
 J - 4 potions of berserk rage
 L - a potion of ambrosia
Miscellaneous
 t - a condenser vane
 u - a lightning rod (4/4)
 I - a phantom mirror


   Skills:
 - Level 12.7(20.0) Fighting
 - Level 13.5(18.0) Axes
 - Level 16.6(22.0) Armour
 - Level 10.0 Dodging
 - Level 1.6 Stealth
 - Level 16.6(22.0) Shields
 - Level 12.7(20.0) Spellcasting
 + Level 10.9(13.1) Evocations


You had one spell level left.
You knew the following spells:

 Your Spells              Type           Power      Damage    Failure   Level
a - Magic Dart            Conj           100%       1d8       0%          1
b - Searing Ray           Conj           100%       2d8       0%          2
c - Dazzling Flash        Conj/Hex       100%       N/A       0%          3
d - Fulminant Prism       Conj/Hex       45%        3d21      1%          4
e - Iskenderun's Mystic   Conj/Tloc      90%        2d18      1%          4
f - Slow                  Hex            100%       N/A       0%          1
g - Poisonous Vapours     Pois/Air       100%       N/A       0%          2
h - Stone Arrow           Conj/Erth      100%       3d13      0%          3
i - Spider Form           Tmut/Pois      90%        N/A       0%          3
j - Hailstorm             Conj/Ice       90%        3d18      1%          4
k - Metabolic Englaciati  Hex/Ice        45%        N/A       1%          5
l - Death Channel         Necr           45%        N/A       1%          6
m - Summon Cactus Giant   Summ           45%        N/A       1%          6
n - Malign Gateway        Summ/Tloc      45%        N/A       1%          7
o - Disjunction           Tloc           45%        N/A       12%         8
Your spell library was empty.

Dungeon Overview and Level Annotations

Branches:
Dungeon (15/15)            Temple (0/1) D:4            Lair (5/5) D:11
 Shoals (4/4) Lair:2       Spider (4/4) Lair:2        Slime (0/5) Lair:5
    Orc (2/2) D:9             Elf (0/3) Orc:2        Vaults (1/5) D:13
 Depths (0/4) D:15        Gauntlet (visited)

Altars:
Ashenzari
Elyvilon
Gozag
Ru
Trog
Xom

Shops:
D:6 (   D:8 ?   D:13 *   Orc:2 ([(*   Shoals:2 [*

Annotations:
Spider:3 exclusion: emperor scorpion


Innate Abilities, Weirdness & Mutations

You are immune to sickness and miasma.
You are immune to poison.
Your flesh is very heat resistant. (rF++)
You are vulnerable to cold. (rC-)
You float through the air rather than walking.
You learn spells naturally, not from books.
Your magical power is your life essence.
You have superior vitality. (+4 MHP)


Message History

A vault sentinel comes into view. It is wielding a +0 war axe.
You hit the yaktaur captain but do no damage.
The yaktaur captain is almost dead.
You closely miss the vault guard. You block the yaktaur captain's attack.
You barely miss the yaktaur captain.
The yaktaur captain is almost dead.
You closely miss the vault guard.
The vault sentinel blows a loud note on a signal horn!
Electricity crackles from the ironbound thunderhulk's apparatus.
The bolt of lightning hits you!!! The yaktaur captain hits you!
You slash the yaktaur captain!
The yaktaur captain is almost dead.
You hit the vault guard but do no damage.
You closely miss the ironbound frostheart.
You block the ironbound frostheart's attack.
You block the vault guard's attack.
Electricity crackles from the ironbound thunderhulk's apparatus.
The bolt of lightning hits you!!!
* * * LOW HITPOINT WARNING * * *
You block the yaktaur captain's attack. You block the vault guard's attack.
The vault sentinel blows a loud note on a signal horn!
The vault warden activates a sealing rune.
Electricity crackles from the ironbound thunderhulk's apparatus.
The bolt of lightning misses you.
The ironbound frostheart touches you but does no damage.
The yaktaur captain closely misses you.
You hear a trumpeting!
You fly up through the gate.
Welcome back to the Dungeon!
There is a gate to the Vaults here.
Blink to where?
Press: ? - help, Dir - move target
As you read the scroll of blinking, it crumbles to dust.
The yaktaur captain wields a +0 arbalest.
The yaktaur captain shoots a bolt.
You block the bolt.
As you read the scroll of teleportation, it crumbles to dust.
You feel strangely unstable.
The ironbound frostheart calls freezing cold from the walls.
The frost grips you!! You partially resist.
You die...

########
###############....###
................##..###
..................#.###
...##.......##....#Z.###
..####.....####....#..##
.######...######.#"##.###
.#######'#######.#..#..##
..####.....####.@##..#.##
...##.#...#.##...###.#.##
....#.....p.#p...###...##
....+...∩..cp....###Z####
....#.......#....###.####
...##.#...#.##...###.##
..####.[)[.####..##..##
.#######)#######....###
.######[..### ##.#####


You could see a yaktaur captain, a vault guard and an ironbound frostheart.

Vanquished Creatures
  Mlioglotl (Shoals:4)
  Asterion (Spider:1)
  3 krakens
  Polyphemus (Shoals:2)
  Kirke (Shoals:1)
  Ilsuiw (Shoals:1)
  A vault warden (Vaults:1)
  8 emperor scorpions
  4 ghost moths
  An ironbound preserver (Vaults:1)
  6 broodmothers
  A stone giant (D:15)
  Azrael (Spider:3)
  A minotaur (Gauntlet)
  3 entropy weavers
  4 spark wasps
  The ghost of TheSexyCheese the Fighter, a journeyman MiBe of Trog (Lair:2)
  A fire dragon (Lair:5)
  9 merfolk impalers
  Snorg (Orc:1)
  7 merfolk javelineers
  11 hydras
  6 vault guards
  7 boulder beetles
  2 jorogumos
  3 ogre magi
  2 catoblepae
  3 alligator snapping turtles
  13 two-headed ogres
  2 merfolk avatars (Shoals:4)
  2 radroaches
  Erica (Orc:1)
  2 merfolk aquamancers
  5 centaur warriors
  14 death yaks
  3 satyrs
  Urug (Lair:4)
  4 tengu warriors
  A sun demon (Gauntlet)
  2 pharaoh ants
  Amaemon (D:11)
  7 skeletal warriors
  6 orb spiders
  13 sea snakes
  4 deep trolls
  8 steelbarb worms
  Pikel (D:8)
  2 wizards
  2 lindwurms
  4 deep elf pyromancers
  An orc knight (D:13)
  2 orc sorcerers
  24 manticores
  4 fauns (Shoals:3)
  6 cyclopes
  18 ugly things
  20 wolf spiders
  19 elephants
  A guardian serpent (Lair:5)
  11 black mambas
  8 torpor snails
  2 moths of wrath
  8 water nymphs
  12 merfolk sirens
  A guardian serpent (shapeshifter) (D:10)
  A gargoyle (D:13)
  2 vault sentinels (Vaults:1)
  An orange demon (D:11)
  13 cane toads
  An unseen horror (D:11)
  A cane toad (shapeshifter) (D:13)
  A hellion (Gauntlet)
  11 komodo dragons
  A tengu conjurer (D:14)
  9 demonic crawlers
  A rime drake (Lair:2)
  8 trolls
  9 wind drakes
  28 merfolk
  12 meliai
  4 polar bears
  4 tyrant leeches (Lair:5)
  25 tarantellas
  10 hornets
  A wolf spider simulacrum (Gauntlet)
  6 slime creatures
  A blink frog (shapeshifter) (D:15)
  13 dream sheep
  14 snapping turtles
  24 jumping spiders
  2 spriggans
  A shadow (D:9)
  A centaur simulacrum (D:13)
  A jumping spider (shapeshifter) (D:13)
  11 wyverns
  18 culicivoras
  13 water elementals
  40 yaks
  A human (Shoals:2)
  3 vampires
  6 wraiths
  4 fire elementals (Spider:3)
  A hog (Shoals:2)
  6 basilisks
  68 redbacks
  A steam dragon (D:7)
  17 vampire mosquitoes
  A warg (shapeshifter) (D:13)
  3 hell hounds (Spider:3)
  Duvessa (D:6)
  A hydra simulacrum (Gauntlet)
  24 water moccasins
  6 orc warriors
  3 ice beasts
  A black bear (Lair:3)
  17 ogres
  12 wolves
  A tengu (shapeshifter) (D:14)
  6 centaurs
  A lemure (D:8)
  17 bullfrogs
  A kobold brigand (D:10)
  A gnoll sergeant (D:9)
  2 scorpions
  6 necrophages
  8 wights
  Dowan (D:6)
  13 killer bees
  A howler monkey (D:13)
  An electric eel (Lair:1)
  A vampire bat (Orc:2)
  5 jellies
  5 orc priests
  3 hounds
  3 iguanas
  14 orc wizards
  A hell rat (D:11)
  A boggart simulacrum (Gauntlet)
  Robin (D:4)
  8 adders
  15 gnolls
  3 river rats (D:11)
  2 white imps
  An ufetubus (D:6)
  A worm (D:3)
  4 dart slugs
  44 orcs
  8 bats
  2 bat zombies (D:4)
  7 endoplasms
  6 giant cockroaches
  11 goblins
  12 hobgoblins
  4 jackals
  10 kobolds
  5 quokkas
  11 ball pythons
  A frilled lizard (D:1)
  9 rats
  A rat zombie (D:4)
  3 fulminant prisms
  5 tentacles
1056 creatures vanquished.

Vanquished Creatures (collateral kills)
  A stone giant (Orc:2)
  A merfolk impaler (Shoals:2)
  A rakshasa (D:10)
  2 ogre magi
  6 two-headed ogres
  A deep troll (Orc:2)
  A steelbarb worm (Spider:4)
  An orb spider (Spider:4)
  A deep elf pyromancer (D:10)
  4 wolf spiders
  A manticore (D:13)
  3 ugly things
  A cyclops (D:13)
  An elephant (shapeshifter) (D:15)
  A black mamba (Lair:5)
  4 cane toads (Lair:5)
  A komodo dragon (Lair:5)
  3 trolls (Orc:2)
  4 merfolk (Shoals:2)
  A tarantella (shapeshifter) (D:13)
  A dream sheep (Lair:5)
  A tarantella (Spider:4)
  5 jumping spiders
  A culicivora (Spider:4)
  A yak (Lair:5)
  2 hogs (Shoals:2)
  9 redbacks
  A warg (Orc:1)
  A water moccasin (Lair:5)
  10 ogres
  An orc warrior (Orc:1)
  2 wolves (Lair:5)
  An orc wizard (Orc:2)
  2 bats (Orc:2)
77 creatures vanquished.

Vanquished Creatures (others)
  A merfolk javelineer (Shoals:4)
  A merfolk aquamancer (Shoals:3)
  2 merfolk
  A tarantella (Spider:3)
  A jumping spider (Spider:1)
  2 water elementals
  2 bushes (Lair:5)
  4 demonic plants (Gauntlet)
  191 fulminant prisms
  51 fungi
  222 plants
  2 starspawn tentacles (Shoals:4)
  23 tentacles
  2 withered plants (Lair:2)
505 creatures vanquished.

Grand Total: 1638 creatures vanquished

Notes
Turn   | Place    | Note
-------+----------+-------------------------------------------
     0 | D:1      | Powertoast the Djinni Conjurer began the quest for the Orb.
     0 | D:1      | Powertoast set off with the following spells memorised:
                  | Magic Dart, Searing Ray, Dazzling Flash, Fulminant Prism,
                  | Iskenderun's Mystic Blast.
     0 | D:1      | Reached XP level 1. HP: 15/15 MP: 0/0
   385 | D:1      | Reached XP level 2. HP: 18/21 MP: 0/0
   818 | D:1      | Reached skill level 1 in Shields
   823 | D:1      | Reached XP level 3. HP: 17/25 MP: 0/0
   823 | D:1      | Learned a level 1 spell: Slow
  1163 | D:1      | Found a faded altar of an unknown god.
  1862 | D:2      | Reached XP level 4. HP: 27/31 MP: 0/0
  2846 | D:3      | Reached XP level 5. HP: 33/35 MP: 0/0
  2846 | D:3      | Learned a level 2 spell: Poisonous Vapours
  3067 | D:3      | Found a broken altar of Ashenzari.
  3067 | D:3      | Found a bloodstained altar of Trog.
  3071 | D:3      | Became a worshipper of Ashenzari the Shackled
  3667 | D:4      | You are sucked into a shaft and drop 1 floor!
  3667 | D:5      | Entered Level 5 of the Dungeon
  3796 | D:5      | Reached XP level 6. HP: 34/40 MP: 0/0
  3848 | D:5      | Reached skill level 5 in Spellcasting
  4058 | D:5      | Reached XP level 7. HP: 41/45 MP: 0/0
  4058 | D:5      | Learned a level 3 spell: Stone Arrow
  4187 | D:5      | Reached skill level 5 in Shields
  4797 | D:4      | Found a staircase to the Ecumenical Temple.
  4807 | D:4      | Noticed Robin
  4825 | D:4      | Killed Robin
  4910 | D:4      | Reached XP level 8. HP: 48/50 MP: 0/0
  5246 | D:4      | Reached * piety under Ashenzari
  5553 | D:6      | Found Wizuw's Antique Weapon Boutique.
  5561 | D:6      | Noticed Duvessa
  5573 | D:6      | Killed Duvessa
  5614 | D:6      | Noticed Dowan
  5617 | D:6      | Killed Dowan
  5725 | D:6      | Reached XP level 9. HP: 50/55 MP: 0/0
  5725 | D:6      | Learned a level 3 spell: Spider Form
  6080 | D:7      | Reached skill level 1 in Fighting
  6212 | D:7      | Reached skill level 10 in Shields
  6266 | D:7      | Reached skill level 1 in Armour
  6550 | D:7      | Found a shimmering altar of Xom.
  6556 | D:7      | Found a sacrificial altar of Ru.
  6665 | D:8      | Noticed Pikel
  6673 | D:8      | Killed Pikel
  6674 | D:8      | Reached XP level 10. HP: 50/69 MP: 0/0
  6896 | D:8      | Reached ** piety under Ashenzari
  6939 | D:8      | Reached *** piety under Ashenzari
  7190 | D:8      | Found Regatily's Magic Scroll Shoppe.
  7198 | D:8      | Bought a scroll of teleportation for 39 gold pieces
  7198 | D:8      | Bought a scroll of enchant weapon for 97 gold pieces
  7198 | D:8      | Bought a scroll of enchant armour for 97 gold pieces
  7213 | D:8      | Reached skill level 5 in Fighting
  7605 | D:9      | Found a staircase to the Orcish Mines.
  8035 | D:9      | Reached skill level 1 in Axes
  8276 | D:10     | Entered Level 10 of the Dungeon
  8291 | D:10     | Reached XP level 11. HP: 63/82 MP: 0/0
  8291 | D:10     | Learned a level 4 spell: Hailstorm
  8349 | D:9      | Identified the cursed +0 cloak of the Lashed Scepticism
                  | {Range, Fort} (You found it on level 1 of the Dungeon)
  8349 | D:9      | Identified the cursed +0 pair of gloves "Burden of
                  | Ashenzari" {Self, Range} (You found it on level 1 of the
                  | Dungeon)
  8349 | D:9      | Identified the cursed +0 leather armour "Suspicion of
                  | Ashenzari" {Melee, Evo} (You found it on level 1 of the
                  | Dungeon)
  8412 | D:10     | Identified a scroll of acquirement
  8420 | D:10     | Acquired a manual of Armour
  8645 | D:10     | Noticed a deep elf pyromancer
  8645 | D:10     | Noticed a skeletal warrior
  8645 | D:10     | Noticed a four-headed hydra
  8694 | D:10     | Noticed a cyclops
  8694 | D:10     | Noticed a deep elf pyromancer
  8695 | D:10     | Identified the +0 robe of the Kraken {Int-3 Slay+5}
  8695 | D:10     | Noticed a rakshasa
  9020 | D:11     | Noticed a two-headed ogre
  9047 | D:11     | Killed a two-headed ogre
  9048 | D:11     | Reached skill level 5 in Armour
  9090 | D:11     | Noticed a two-headed ogre
  9100 | D:11     | Killed a two-headed ogre
  9136 | D:11     | Noticed a death yak
  9136 | D:11     | Noticed a death yak
  9153 | D:11     | Noticed Amaemon
  9153 | D:11     | Noticed a death yak
  9157 | D:10     | Killed a death yak
  9189 | D:10     | Noticed an ogre mage
  9220 | D:11     | Noticed a boulder beetle
  9240 | D:11     | Killed a boulder beetle
  9405 | D:11     | Killed Amaemon
  9433 | D:11     | Found a staircase to the Lair.
  9477 | D:11     | Killed a death yak
  9478 | D:11     | Reached XP level 12. HP: 21/91 MP: 0/0
  9485 | D:11     | Killed a death yak
 10176 | Lair:1   | Entered Level 1 of the Lair of Beasts
 10409 | Lair:1   | Noticed a catoblepas
 10491 | Lair:1   | HP: 4/94 [catoblepas/blast of calcifying dust (2)]
 10699 | Lair:1   | Killed a catoblepas
 11025 | Lair:1   | Reached XP level 13. HP: 100/101 MP: 0/0
 11025 | Lair:1   | Learned a level 5 spell: Metabolic Englaciation
 11594 | Lair:1   | Reached skill level 5 in Axes
 11750 | Lair:2   | Reached skill level 5 in Dodging
 11801 | Lair:2   | Reached skill level 10 in Armour
 12130 | Lair:2   | Found a runed translucent door.
 12223 | Lair:2   | Found a hole to the Spider Nest.
 12477 | Lair:2   | Found a staircase to the Shoals.
 12510 | Lair:2   | Noticed TheSexyCheese's ghost (journeyman MiBe)
 12805 | Lair:2   | Killed TheSexyCheese's ghost
 13006 | Lair:3   | Reached **** piety under Ashenzari
 13048 | Lair:3   | Noticed a six-headed hydra
 13059 | Lair:3   | Killed a six-headed hydra
 13142 | Lair:3   | Noticed an eight-headed hydra
 13168 | Lair:3   | Killed an eight-headed hydra
 13852 | Lair:4   | Noticed an eight-headed hydra
 13857 | Lair:4   | Reached XP level 14. HP: 110/112 MP: 0/0
 13950 | Lair:4   | Found a gate leading to a gauntlet.
 13969 | Gauntlet | Entered a Gauntlet
 13969 | Gauntlet | Found a transporter.
 13978 | Gauntlet | Found a transporter.
 13993 | Gauntlet | Found a transporter.
 13997 | Gauntlet | Found a transporter.
 14000 | Gauntlet | Noticed a quicksilver ooze
 14009 | Gauntlet | Identified the +0 cloak "Odumn" {Contam Fly Dex+6}
 14018 | Gauntlet | Found a transporter.
 14031 | Gauntlet | Found a transporter.
 14038 | Gauntlet | Found a transporter.
 14042 | Gauntlet | Found a transporter.
 14042 | Gauntlet | Identified the ring "Webbot" {rF+ EV+4 SInv}
 14073 | Gauntlet | Found a transporter.
 14099 | Gauntlet | Identified the +11 quarterstaff of Peace {drain, Int+5}
 14102 | Gauntlet | Found a transporter.
 14102 | Gauntlet | Found a transporter.
 14106 | Gauntlet | Found a transporter.
 14237 | Gauntlet | Identified the +0 leather armour of the Planets {Str-3
                  | Slay+2 Stlth+}
 14237 | Gauntlet | Noticed a minotaur
 14253 | Gauntlet | Killed a minotaur
 14365 | Lair:4   | Identified the +1 scale mail "Apleinum" {*Slow +Blink rPois
                  | rC++}
 14530 | Lair:4   | Noticed Urug
 14545 | Lair:4   | Killed Urug
 14570 | Lair:4   | Reached skill level 10 in Fighting
 15220 | Lair:5   | Entered Level 5 of the Lair of Beasts
 15357 | Lair:5   | Reached skill level 10 in Spellcasting
 15357 | Lair:5   | Reached XP level 15. HP: 114/118 MP: 0/0
 15357 | Lair:5   | Learned a level 6 spell: Death Channel
 15769 | Lair:5   | Found a staircase to the Slime Pits.
 15945 | Lair:5   | Found a runed translucent door.
 15966 | Lair:5   | Reached skill level 1 in Evocations
 16290 | Lair:4   | Identified the cursed +2 war axe of Toth-Mos's Legacy
                  | {elec, Melee, Self} (You found it on level 8 of the
                  | Dungeon)
 16290 | Lair:4   | Identified the cursed +0 helmet of the Visionary Inaction
                  | {Range, Self} (You took it off Robin on level 4 of the
                  | Dungeon)
 16290 | Lair:4   | Identified the cursed +2 pair of gloves of the Chained Sun
                  | {Str+3, Melee, Self} (You found it in a Gauntlet)
 16290 | Lair:4   | Identified the cursed +0 troll leather armour of the
                  | Unyielding Gaze {Regen+, Cun, Self} (You found it on level
                  | 8 of the Dungeon)
 16918 | Orc:1    | Entered Level 1 of the Orcish Mines
 16927 | Orc:1    | Noticed Erica
 16932 | Orc:1    | Killed Erica
 16951 | Orc:1    | Noticed Snorg
 16959 | Orc:1    | Killed Snorg
 17454 | D:10     | Reached ***** piety under Ashenzari
 18250 | D:13     | Reached XP level 16. HP: 121/128 MP: 0/0
 18274 | D:13     | Found a gate to the Vaults.
 18490 | D:13     | Identified the +1 shortbow of the Nexus {flame, rPois rC+
                  | Will-}
 18588 | D:13     | Found Foela's Overcharged Wands.
 18968 | D:13     | Found a runed translucent door.
 18989 | D:13     | Reached skill level 15 in Armour
 19029 | D:13     | Reached skill level 5 in Evocations
 19156 | D:13     | Identified the amulet "Boty" {RegenMP Str+4}
 19741 | D:14     | Found a white marble altar of Elyvilon.
 20158 | Orc:2    | Entered Level 2 of the Orcish Mines
 20543 | Orc:2    | Found Pasism's Assorted Antiques.
 20545 | Orc:2    | Found Riogeaph's Antique Armour Shoppe.
 20546 | Orc:2    | Found Vishrolug's Antique Weapon Emporium.
 20549 | Orc:2    | Found Iwikhleg's Antique Weapon Emporium.
 20561 | Orc:2    | Bought a tubular bronze ring for 115 gold pieces
 20597 | Orc:2    | Bought a runed war axe for 208 gold pieces
 20607 | Orc:2    | Found a staircase to the Elven Halls.
 21469 | D:14     | Found an opulent altar of Gozag.
 21519 | D:14     | Reached XP level 17. HP: 102/133 MP: 0/0
 21519 | D:14     | Learned a level 6 spell: Summon Cactus Giant
 23080 | D:15     | Entered Level 15 of the Dungeon
 23191 | D:15     | Reached skill level 10 in Evocations
 23219 | D:15     | Reached skill level 10 in Axes
 23329 | D:15     | Found a staircase to the Depths.
 24019 | D:8      | Bought a scroll of acquirement for 676 gold pieces
 24019 | D:8      | Bought a scroll of acquirement for 676 gold pieces
 24021 | D:8      | Acquired 946 gold pieces
 24022 | D:8      | Acquired 681 gold pieces
 24024 | D:8      | Bought a scroll of summoning for 123 gold pieces
 24024 | D:8      | Bought a scroll of summoning for 123 gold pieces
 24172 | Spider:1 | Entered Level 1 of the Spider Nest
 24185 | Spider:1 | Noticed Asterion
 24229 | Spider:1 | Reached skill level 10 in Dodging
 24305 | Spider:1 | Killed Asterion
 24887 | Spider:2 | Reached XP level 18. HP: 100/139 MP: 0/0
 25466 | Spider:2 | Upgraded the game from 0.29.1 to 0.29.1-1-gd02db6906a
 26309 | Spider:3 | Noticed Azrael
 26323 | Spider:3 | Killed Azrael
 26753 | Spider:4 | Entered Level 4 of the Spider Nest
 27320 | Spider:4 | Reached XP level 19. HP: 132/143 MP: 0/0
 27320 | Spider:4 | Learned a level 7 spell: Malign Gateway
 27569 | Spider:4 | Reached skill level 15 in Shields
 27805 | Spider:4 | Got a gossamer rune of Zot
 27827 | Spider:4 | Reached XP level 20. HP: 152/152 MP: 0/0
 28422 | Shoals:1 | Entered Level 1 of the Shoals
 29710 | Shoals:2 | Noticed Kirke
 29710 | Shoals:2 | Found Ofo Nacw's CLEARANCE SALE!.
 29737 | Shoals:2 | Noticed Ilsuiw
 29741 | Shoals:2 | Paralysed by a sphinx for 4 turns
 29757 | Shoals:1 | Killed Kirke
 29823 | Shoals:1 | Killed Ilsuiw
 29905 | Shoals:2 | Bought a potion of might for 16 gold pieces
 29905 | Shoals:2 | Bought a scroll of magic mapping for 30 gold pieces
 29945 | Shoals:2 | Found Hojeqimo's Armour Boutique.
 30540 | Shoals:2 | Noticed Polyphemus
 30558 | Shoals:2 | Killed Polyphemus
 30810 | Shoals:2 | Bought a +2 scale mail of cold resistance for 210 gold
                  | pieces
 31932 | Shoals:3 | Reached XP level 21. HP: 156/167 MP: 0/0
 31932 | Shoals:3 | Learned a level 8 spell: Disjunction
 32346 | Shoals:4 | Entered Level 4 of the Shoals
 33132 | Shoals:4 | Got a barnacled rune of Zot
 33546 | Shoals:4 | Noticed Mlioglotl
 33557 | Shoals:4 | Killed Mlioglotl
 33928 | Shoals:4 | Identified the +2 morningstar of the Telling Gods {vorpal,
                  | *Slow rPois Str-2 Int+7}
 34372 | Vaults:1 | Entered Level 1 of the Vaults
 34762 | Vaults:1 | HP: 5/168 [ironbound thunderhulk/bolt of lightning (58)]
 34769 | D:13     | Killed from afar by an ironbound frostheart

Illustrated notes

Levels and vault maps discovered:
D:1:      dpeg_arrival_ternary, layout_basic,
          ebering_ecumenical_altar_abandoned, dk_noncrumbling_4
D:2:      layout_loops_cross
D:3:      layout_loops_cross, mainiacjoe_overflow_divided_tiny
D:4:      layout_basic, lemuel_zombie_altar_kikubaaqudgha,
          minmay_temple_entry_wispy, uniq_robin
D:5:      layout_cave_pools, nicolae_elevator_lobby_plus
D:6:      layout_basic, serial_shops, nicolae_shop_trees, uniq_duvessa
D:7:      layout_cave_pools, mainiacjoe_overflow_big_doors
D:8:      layout_basic, serial_shops, nicolae_shop_competitors_out_of_business,
          uniq_pikel
D:9:      layout_small_grid, orc_0_dummy
D:10:     cheibrodos_iron_armory, layout_cross, minivault_12
D:11:     layout_basic, dpeg_lair_monsters, uniq_amaemon
D:12:     layout_loops_ring
D:13:     minmay_the_grid_triangle_9x9_rhombus_thin
          [minmay_the_grid_triangle_9x9_skeleton,
          minmay_the_grid_triangle_9x9_prize_schism,
          minmay_the_grid_triangle_9x9_subtriangle,
          minmay_the_grid_triangle_9x9_intruding_spiral], layout_long_grid,
          lightli_vaults_fourway_checkpoint, nicolae_shop_overcharged_wands
D:14:     lemuel_ice_spiral_2, layout_irregular_city,
          nicolae_elyvilon_temple_path,
          nicolae_gozag_cash_rules_everything_around_me
D:15:     grunt_enter_depths_snipers, layout_loops_cross,
          grunt_decor_mini_mirrors
Lair:1:   layout_small_grid, serial_bayou_pond_b, wad_woods_03,
          serial_bayou_shore_a
Lair:2:   layout_hall_layers, minmay_shoals_entry_hut, spider_nest_entry_webs,
          gammafunk_ghost_grave, bh_autumn_forest_stairs
Lair:3:   layout_layer_cave, lemuel_fruit_fields
Lair:4:   layout_regular_city, gauntlet_entry_generic, grunt_megastairs_2,
          lemuel_fruit_tree, uniq_urug
Lair:5:   hangedman_lair_tendril_chambers, layout_loops_ring, wormcave,
          dpeg_slime_entry_corner, hangedman_lair_unloving_vines,
          grunt_forest_large_clearing_hut
Shoals:1: layout_shoals, nicolae_shoals_pincushion_passage
Shoals:2: layout_shoals, serial_shops, shop, nicolae_shop_clearance, uniq_kirke,
          uniq_polyphemus, uniq_ilsuiw
Shoals:3: layout_shoals, nicolae_shoals_lost_giant_baths,
          nicolae_shoals_elemental_ambush
Shoals:4: shoals_end_hangedman, layout_shoals, uniq_mlioglotl
Spider:1: layout_spider_delve, nicolae_spider_webs_and_nodes,
          einodemon_crawler_minivault, uniq_asterion
Spider:2: layout_cave_pods, drop_trap
Spider:3: layout_spider_delve, uniq_azrael
Spider:4: guppyfry_spider_rune, hangedman_spider_tarantella_strand
Orc:1:    layout_diamond_mine, uniq_erica, uniq_snorg
Orc:2:    st_orc_open, layout_caves, roderic_batcave, statue_in_the_mist_lemuel,
          nicolae_orc_bridge_out
Vaults:1: nicolae_vaults_border_crossing, nicolae_vaults_arrows,
          vaults_room_hallway, vaults_mumra_chevron, vaults_mumra_hexcomb,
          nicolae_vaults_windows_and_doors_thing,
          nicolae_vaults_little_squares_3, vaults_room_fours, vaults_mumra_hex,
          nicolae_vaults_little_squares_4, ontoclasm_vaults_ligature,
          nicolae_vaults_little_ls, layout_vaults_omnibox

Skill      XL: |  1  2  3  4  5  6  7  8  9 10 11 12 13 14 15 16 17 18 19 20 |
---------------+-------------------------------------------------------------+-----
Shields        | 1 2 3 4 6 9 10 11 12 13 14 15 16 | 16.6
Spellcasting   | 4 5 6 7 8 9 10 12 | 12.7
Fighting       | 4 5 7 8 9 10 11 12 | 12.7
Armour         | 3 4 7 9 11 13 14 15 16 | 16.6
Axes           | 1 3 4 6 7 8 9 11 12 13 | 13.5
Dodging        | 4 6 8 9 10 | 10.0
Evocations     | 3 8 10 | 10.9
Stealth        | |  1.6

Action                   |  1- 3 |  4- 6 |  7- 9 | 10-12 | 13-15 | 16-18 | 19-21 || total
-------------------------+-------+-------+-------+-------+-------+-------+-------++-------
Melee: Unarmed           |    10 |       |       |       |       |       |       ||    10
       Short sword       |       |     6 |    11 |       |       |       |       ||    17
       War axe           |       |       |       |   110 |   258 |   452 |   748 ||  1568
 Cast: Magic Dart        |    46 |    51 |    35 |    48 |    48 |     3 |     1 ||   232
       Searing Ray       |     8 |    10 |    23 |    25 |    22 |    14 |     4 ||   106
       Slow              |       |    16 |    22 |    38 |    47 |    11 |     1 ||   135
       Poisonous Vapours |       |     6 |    14 |    20 |    20 |    12 |     8 ||    80
       Stone Arrow       |       |       |    33 |    66 |   165 |   198 |   213 ||   675
       Fulminant Prism   |       |       |    17 |    65 |    73 |    34 |     5 ||   194
       Dazzling Flash    |       |       |       |     1 |     8 |     1 |     7 ||    17
       Spider Form       |       |       |       |     1 |     3 |       |       ||     4
       Hailstorm         |       |       |       |     1 |     2 |    28 |    12 ||    43
       Iskenderun's Myst |       |       |       |       |   129 |   234 |   112 ||   475
       Metabolic Englaci |       |       |       |       |    13 |    12 |    12 ||    37
       Death Channel     |       |       |       |       |     9 |     7 |     1 ||    17
       Summon Cactus Gia |       |       |       |       |       |    11 |     1 ||    12
Invok: Curse Item        |       |       |     2 |     5 |     3 |     1 |     2 ||    13
       Shatter the Chain |       |       |       |     2 |     2 |     2 |       ||     6
 Abil: Evoke Blink       |       |       |       |       |       |     1 |       ||     1
Evoke: Wand              |       |       |       |       |     1 |     1 |       ||     2
  Use: Scroll            |       |     8 |     3 |     6 |     6 |     5 |     6 ||    34
       Potion            |       |       |     2 |     3 |     5 |     2 |     4 ||    16
 Stab: Sleeping          |       |       |       |     2 |     1 |     1 |       ||     4
       Petrified         |       |       |       |     1 |       |       |       ||     1
       Distracted        |       |       |       |       |     1 |       |     1 ||     2
       Invisible         |       |       |       |       |       |       |     3 ||     3
Armor: Robe              |     2 |       |       |       |       |       |       ||     2
       Leather armour    |       |     8 |    23 |    25 |       |       |       ||    56
       Troll leather arm |       |       |       |    34 |    71 |   146 |    80 ||   331
       Scale mail        |       |       |       |       |       |    39 |    71 ||   110
Dodge: Dodged            |     5 |    11 |    39 |    56 |   122 |   331 |   393 ||   957
Block: Tower shield      |     5 |       |       |   284 |   462 |   993 |  1316 ||  3060
